 Dungeon Crawl Stone Soup version 0.30-a0-1163-gf69bf04e7a (webtiles) character file.

Game seed: 3181091097276437092

361 Morbidden the Conjurer (level 6, -3/57 HPs)
             Began as a Troll Conjurer on Apr 28, 2023.
             Slain by an ogre
             ... wielding a +0 giant club
              (24 damage)
             ... on level 3 of the Dungeon.
             The game lasted 00:05:13 (2595 turns).

Morbidden the Conjurer (Troll Conjurer)             Turns: 2595, Time: 00:05:13

Health: -3/57      AC:  4    Str: 16    XL:     6   Next: 38%
Magic:  0/7        EV: 10    Int: 16    God:
Gold:   138        SH:  0    Dex:  8    Spells: 5/8 levels left

rFire   . .          .
                       - Unarmed
rCold   . . .        (no shield)
rNeg    . . .        a - +0 robe
rPois   .            (helmet restricted)
rElec   .            (no cloak)
rCorr   .            (gloves unavailable)
SInv    .            (boots unavailable)
Will    .....        (no amulet)
Stlth   +            (no ring)
HPRegen 1.09/turn    (no ring)
MPRegen 0.10/turn

%: no passive effects
@: no status effects
A: large, unfitting armour, claws 3, regeneration 1, shaggy fur 1, tough skin 1
a: no special abilities


You were on level 3 of the Dungeon.
You visited 1 branch of the dungeon, and saw 3 of its levels.

You collected 138 gold pieces.

Inventory:

Missiles
 e - 28 stones
 i - a throwing net
Armour
 a - a +0 robe (worn)
Wands
 l - a wand of flame (16)
 s - a wand of digging (6)
Scrolls
 g - a scroll of acquirement {unknown}
 h - 2 scrolls of poison {unknown}
 m - a scroll of fear {unknown}
 n - 3 scrolls of fog {unknown}
 o - 2 scrolls of summoning {unknown}
 p - a scroll of identify {unknown}
 q - a scroll of amnesia {unknown}
 r - a scroll of immolation {unknown}
 t - a scroll of enchant armour {unknown}
Potions
 b - a potion of magic
 c - a potion of haste
 d - a potion of berserk rage {unknown}
 f - a potion of heal wounds {unknown}
 j - 2 potions of lignification {unknown}
 k - a potion of invisibility {unknown}


   Skills:
 * Level 2.0 Fighting
 * Level 1.6 Armour
 * Level 2.4 Dodging
 + Level 1.0 Stealth
 * Level 3.0 Unarmed Combat
 * Level 1.9 Spellcasting
 * Level 3.6 Conjurations


You had 5 spell levels left.
You knew the following spells:

 Your Spells              Type           Power      Damage    Failure   Level
a - Magic Dart            Conj           52%        1d5       4%          1
b - Searing Ray           Conj           26%        2d5       7%          2

Your spell library contained the following spells:

 Spells                   Type           Power      Damage    Failure   Level
 Momentum Strike          Conj/Tloc      14%        3d8       16%         2
 Dazzling Flash           Conj/Hex       14%        N/A       30%         3
 Blink                    Tloc           2%         N/A       32%         2
 Lesser Beckoning         Tloc           2%         N/A       32%         2
 Summon Guardian Golem    Hex/Summ       1%         N/A       54%         3
 Fulminant Prism          Conj/Hex       3%         3d5       69%         4
 Iskenderun's Mystic Bla  Conj/Tloc      7%         2d4       69%         4
 Agony                    Necr           1%         N/A       99%         5
 Silence                  Hex/Air        0%         N/A       99%         5
 Orb of Destruction       Conj           6%         9d6       100%        7
 Spellforged Servitor     Conj/Summ      3%         N/A       100%        7


Dungeon Overview and Level Annotations

Branches:
Dungeon (3/15)

Altars:

Shops:
D:3 =


Innate Abilities, Weirdness & Mutations

You are too large for most types of armour.
You have claws for hands.
Your natural rate of healing is unusually fast.
You are covered in fur. (AC +1)
You have tough skin. (AC +1)


Message History

Casting: Magic Dart (safe; 4% risk of failure)
Confirm with . or Enter, or press ? or * to list all spells.
Aiming: Magic Dart (safe; 4% risk of failure)
Press: ? - help, Shift-Dir - straight line, f/p - ogre
Aim: an ogre, wielding a +0 giant club (moderately wounded, 100% to hit)
The magic dart hits the ogre.
The ogre is moderately wounded.
Unknown command.
Casting: Magic Dart (safe; 4% risk of failure)
Confirm with . or Enter, or press ? or * to list all spells.
Aiming: Searing Ray (safe; 7% risk of failure)
Press: ? - help, Shift-Dir - straight line, f/p - ogre
Aim: an ogre, wielding a +0 giant club (moderately wounded, 89% to hit)
The searing ray hits the ogre.
The ogre is heavily wounded. (Press . to maintain the ray.)
The searing ray hits the ogre.
The ogre is severely wounded.
The ogre hits you with a +0 giant club!
Unknown command.
Without enough magic to sustain it, your searing ray dissipates.
The ogre hits you with a +0 giant club!
Unknown command.
You barely miss the ogre.
The ogre is severely wounded.
You scratch the ogre.
The ogre is severely wounded.
The ogre hits you with a +0 giant club!
You are too injured to fight recklessly!
Unknown command.
You are too injured to fight recklessly!
You are too injured to fight recklessly!
Unknown command.
You are too injured to fight recklessly!
Unknown command.
Unknown command.
You barely miss the ogre.
The ogre is severely wounded.
The ogre hits you with a +0 giant club!!
You die...

##.##### ##.# .. ...#..
##.# .##..#..###
##.####### .........(..
.......... ........>.#
##.####### #.#...#...##
.......... ..#.........
##.####### #.#..O......
##.......# #.#.@?#
.........####.#...#...
###...................#
# #......####.#...##..#
###.................(...
..#......####.#.#.##..##
#.#......# ........ ..
#.#......# #.#.#..#. #
#.#......# ........ .


You could see an ogre.

Vanquished Creatures
  Sigmund (D:2)
  Jessica (D:2)
  Natasha (thrice) (D:3)
  3 adders
  A worm (D:2)
  3 dart slugs
  4 orcs (D:3)
  9 ball pythons
  3 bats
  5 endoplasms
  3 giant cockroaches
  6 goblins
  3 hobgoblins
  3 kobolds
  4 quokkas
  3 frilled lizards
  11 rats
66 creatures vanquished.

Notes
Turn   | Place    | Note
-------+----------+-------------------------------------------
     0 | D:1      | Morbidden the Troll Conjurer began the quest for the Orb.
     0 | D:1      | Reached XP level 1. HP: 16/16 MP: 1/1
   101 | D:1      | Reached XP level 2. HP: 24/24 MP: 0/3
   619 | D:1      | Reached XP level 3. HP: 32/32 MP: 2/4
   845 | D:2      | Reached skill level 1 in Unarmed Combat
   959 | D:2      | Found a faded altar of an unknown god.
   983 | D:2      | Noticed Sigmund
   984 | D:2      | Noticed Jessica
  1103 | D:2      | Reached skill level 1 in Armour
  1103 | D:2      | Reached XP level 4. HP: 40/40 MP: 0/5
  1177 | D:2      | Learned a level 2 spell: Searing Ray
  1250 | D:2      | Killed Jessica
  1251 | D:2      | Reached skill level 1 in Fighting
  1551 | D:2      | Killed Sigmund
  1552 | D:2      | Reached XP level 5. HP: 42/48 MP: 1/6
  1746 | D:3      | Noticed Natasha
  1755 | D:3      | Killed Natasha
  1756 | D:3      | Reached XP level 6. HP: 30/55 MP: 7/7
  2027 | D:3      | Noticed Natasha
  2044 | D:3      | Killed Natasha
  2066 | D:3      | Noticed Natasha
  2072 | D:3      | Killed Natasha
  2543 | D:3      | Found Qicajuih's Jewellery Emporium.
  2595 | D:3      | Slain by an ogre

Illustrated notes

Levels and vault maps discovered:
D:1:      wander_arrival_desolate, layout_basic
D:2:      layout_rooms, hellmonk_ecumenical_altar_arch_garden,
          minmay_tree_intersection, uniq_sigmund, uniq_jessica
D:3:      layout_basic, serial_shops, nicolae_shop_back_alley_shop,
          uniq_terence, uniq_natasha

Skill      XL: |  1  2  3  4  5  6 |
---------------+-------------------+-----
Conjurations   | 3 |  3.6
Unarmed Combat | 1 2 3 |  3.0
Armour         | 1 |  1.6
Fighting       | 1 2 |  2.0
Dodging        | 2 |  2.4
Stealth        | |  1.0
Spellcasting   | |  1.9

Action                     |  1- 3 |  4- 6 || total
---------------------------+-------+-------++-------
  Melee: Unarmed           |   126 |    40 ||   166
         Punch             |     1 |       ||     1
   Cast: Magic Dart        |    18 |    58 ||    76
         Searing Ray       |       |     3 ||     3
    Use: Scroll            |     1 |       ||     1
         Potion            |     1 |       ||     1
   Stab: Sleeping          |     1 |       ||     1
 Armour: Robe              |    43 |    10 ||    53
  Dodge: Dodged            |    68 |    11 ||    79

Table legend: (Time is in decaauts)
 A = Elapsed time spent in this place.
 B = Non-inter-level travel time spent in this place.
 C = Inter-level travel time spent in this place.
 D = Time resting spent in this place.
 E = Time spent auto-exploring this place.
 F = Levels seen in this place.
 G = Mean time per level.
                   A        B        C        D        E       F      G
               +--------+--------+--------+--------+--------+-----+--------+
         Total |   2588 |   2543 |     45 |    163 |   1841 |   3 |  862.7 |
       Dungeon |   2588 |   2543 |     45 |    163 |   1841 |   3 |  862.7 |
               +--------+--------+--------+--------+--------+-----+--------+

Top non-repeatable levels by time:
     D:3: 1067 daAuts
     D:2: 835 daAuts
     D:1: 685 daAuts
